 Dungeon Crawl Stone Soup version 0.21-a0-286-g6fcecc0 (webtiles) character file.

420 tidbits the Insei (level 6, 0/48 HPs)
             Began as a Demigod Transmuter on Sept 26, 2017.
             Killed by nerve-wracking pain
             ... invoked by an orc priest
              (14 damage)
             ... on level 3 of the Dungeon.
             The game lasted 00:12:01 (1896 turns).

tidbits the Insei (Demigod Transmuter)              Turns: 1896, Time: 00:12:02

Health: 0/48       AC:  2    Str: 13    XL:     6   Next: 35%
Magic:  7/12       EV: 21    Int: 21    God:
Gold:   116        SH:  0    Dex: 21    Spells: 3/9 levels left

rFire    . . .     SeeInvis .     - Unarmed
rCold    . . .     Gourm    .   (shield currently unavailable)
rNeg     . . .     Faith    .   (armour currently unavailable)
rPois    x         Spirit   .   (helmet currently unavailable)
rElec    .         Reflect  .   (cloak currently unavailable)
rCorr    .         Harm     .   (gloves currently unavailable)
MR       .....                  (boots currently unavailable)
Stlth    ++........             o - amulet of rage
HPRegen  0.16/turn              (no ring)
MPRegen  0.13/turn              (no ring)

@: spider-form, very slightly contaminated
A: high mp 1
a: End Transformation, Evoke Berserk Rage


You were on level 3 of the Dungeon.
You were not hungry.
You were a venomous arachnid creature.
You visited 1 branch of the dungeon, and saw 3 of its levels.

You collected 116 gold pieces.

Inventory:

Hand Weapons
 d - a +2 dagger of venom (melded)
   (You took it off a kobold on level 1 of the Dungeon)
 l - a +0 whip of draining
   (You took it off a kobold on level 2 of the Dungeon)
Missiles
 a - 37 arrows
 e - 78 bolts
Armour
 B - a +0 robe (melded)
 E - a +2 helmet (melded)
 F - a cursed +0 pair of boots (melded)
Jewellery
 o - an amulet of rage (around neck)
   (You took it off a goblin on level 3 of the Dungeon)
Scrolls
 b - a scroll of enchant armour
 h - a scroll of blinking {unknown}
 i - a scroll of enchant weapon {unknown}
 m - a scroll of noise
 n - a scroll of recharging {unknown}
 p - 2 scrolls of identify
Potions
 j - a potion of cancellation
 k - a potion of curing
 q - a potion of haste {unknown}
 s - a potion of flight {unknown}
Books
 c - a book of Changes

   Spells                             Type                      Level
   a - Beastly Appendage              Transmutation                1
   b - Sticks to Snakes               Transmutation                2
   c - Spider Form                    Transmutation/Poison         3
   d - Ice Form                       Ice/Transmutation            4
   e - Blade Hands                    Transmutation                5
Comestibles
 f - 3 bread rations
 g - 3 royal jellies
 r - 2 chunks of flesh


   Skills:
 + Level 2.0 Fighting
 + Level 2.6 Dodging
 * Level 5.1 Unarmed Combat
 - Level 2.3 Spellcasting
 + Level 3.3 Transmutations


You had 3 spell levels left.
You knew the following spells:

 Your Spells              Type           Power        Failure   Level  Hunger
e - Beastly Appendage     Tmut           ###...       12%         1    #......
k - Sticks to Snakes      Tmut           ###.....     16%         2    ##.....
p - Spider Form           Tmut/Pois      #.........   43%         3    ###....


Dungeon Overview and Level Annotations

Branches:
Dungeon (3/15)

Annotations:
D:2 Sigmund


Innate Abilities, Weirdness & Mutations

You have an increased reservoir of magic. (+10% MP)


Message History

The bat hits you but does no damage. The bat closely misses you.
The bat hits you but does no damage.
You hit the bat.
The bat is poisoned.
The bat is heavily wounded.
The bat hits you but does no damage.
You barely miss the bat.
The bat is moderately wounded.
The bat hits you. The bat barely misses you.
You miss the bat.
The bat is moderately wounded.
The bat looks more healthy.
The bat completely misses you. The bat barely misses you.
The bat barely misses you. The bat closely misses you.
The bat hits you but does no damage.
You miss the bat. The bat misses you. The bat closely misses you.
You hit the bat but do no damage. The bat barely misses you.
Casting: Spider Form
Confirm with . or Enter, or press ? or * to list all spells.
You turn into a venomous arachnid creature.
Your +2 dagger of venom melds into your body.
Your +1 helmet melds into your body.
Your cursed +0 pair of boots melds into your body.
Your +0 robe melds into your body.
Your +2 dagger of venom stops dripping with poison.
The bat closely misses you. The bat hits you.
You hit the bat.
The bat is poisoned.
The bat is severely wounded.
The bat closely misses you. The bat hits you.
You hit the bat but do no damage.
The bat looks as sick as possible!
The bat is severely wounded.
You kill the bat!
Your transformation is almost over.
Found a pink potion.
Found a war axe.
Found a scroll labeled HATUFFYE ZADAPT.
j - a pink potion Your transformation has ended.
Your +2 dagger of venom unmelds from your body.
Your +1 helmet unmelds from your body.
Your cursed +0 pair of boots unmelds from your body.
Your +0 robe unmelds from your body.
Your +2 dagger of venom begins to drip with poison!
You see here a war axe.
m - 2 scrolls labeled HATUFFYE ZADAPT (gained 1)
A kobold comes into view. It is wielding a short sword.
A rat comes into view.
An orc and an orc priest come into view.
The orc shouts!
The kobold shouts!
Found 10 gold pieces.
An orc comes into view.
It is wielding a club. 2 orcs come into view.
The orc shouts! x3
Casting: Spider Form
Confirm with . or Enter, or press ? or * to list all spells.
You miscast Spider Form.
You are very lightly contaminated with residual magic.
You feel odd.
The orc priest shouts!
The orc priest calls down the wrath of Beogh upon you.
Beogh smites you!
* * * LOW HITPOINT WARNING * * *
As you read the scroll labeled JEPONI UNEAGI, it crumbles to dust.
It is a scroll of identify.
j - a potion of cancellation The orc priest looks encouraged for a moment.
Casting: Spider Form
Confirm with . or Enter, or press ? or * to list all spells.
You turn into a venomous arachnid creature.
Your +2 dagger of venom melds into your body.
Your +1 helmet melds into your body.
Your cursed +0 pair of boots melds into your body.
Your +0 robe melds into your body.
Your +2 dagger of venom stops dripping with poison.
The kobold misses you.
You hit the kobold.
You kill the kobold!
The orc priest calls down the wrath of Beogh upon you.
Beogh smites you!
* * * LOW HITPOINT WARNING * * *
The rat completely misses you.
You see here a short sword.
As you read the scroll labeled UFIPYMN UXTAA, it crumbles to dust.
It is a scroll of enchant armour.
Your +1 helmet glows green for a moment.
The rat closely misses you. The orc closely misses you.
As you read the scroll labeled HATUFFYE ZADAPT, it crumbles to dust.
You hear a loud clanging noise!
It was a scroll of noise.
You hear an angry hiss. x2
The rat misses you. The orc misses you.
You hit the rat.
You kill the rat!
The orc priest mumbles some strange prayers to Beogh against you.
Pain shoots through your body!
You die...

#......................#
#.
.......................#
...
.......................#
#...
................########
#... #...............###
.... #....o.....o......#
....#
#.....####ooo.....#
.(... #..... #.†o.....#
#..... ###s.....## #.$..
#........ #####
########.


You could see an orc priest and 4 orcs.

Vanquished Creatures
  Grinder (D:3)
  Natasha (D:3)
  Robin (D:3)
  5 adders
  An ooze (D:2)
  4 worms (D:2)
  4 dart slugs
  A leopard gecko (D:2)
  2 orcs (D:3)
  A ball python (D:1)
  3 giant cockroaches
  15 goblins
  6 hobgoblins
  2 jackals (D:3)
  10 bats
  2 frilled lizards
  6 kobolds
  9 rats
74 creatures vanquished.

Vanquished Creatures (collateral kills)
  A howler monkey (D:3)
  2 adders
  A goblin (D:3)
  A quokka (D:3)
  A frilled lizard (D:3)
6 creatures vanquished.

Grand Total: 80 creatures vanquished

Notes
Turn   | Place    | Note
-------+----------+-------------------------------------------
     0 | D:1      | tidbits the Demigod Transmuter began the quest for the Orb.
     0 | D:1      | Reached XP level 1. HP: 15/15 MP: 5/5
   135 | D:1      | Reached skill level 2 in Transmutations
   172 | D:1      | Reached skill level 3 in Unarmed Combat
   175 | D:1      | Reached XP level 2. HP: 20/22 MP: 4/7
   179 | D:1      | Learned a level 2 spell: Sticks to Snakes
   396 | D:2      | Noticed Sigmund
   414 | D:2      | Reached skill level 2 in Spellcasting
   507 | D:2      | Reached XP level 3. HP: 10/27 MP: 4/8
   513 | D:2      | Learned a level 3 spell: Spider Form
  1157 | D:2      | Found a burning altar of Makhleb.
  1159 | D:2      | Found a glowing silver altar of Zin.
  1159 | D:2      | Noticed an angel
  1159 | D:2      | Noticed a blizzard demon
  1217 | D:2      | Reached XP level 4. HP: 30/34 MP: 0/10
  1288 | D:3      | Noticed Robin
  1292 | D:3      | Noticed Grinder
  1397 | D:2      | Reached skill level 1 in Fighting
  1418 | D:2      | Found a sacrificial altar of Ru.
  1509 | D:3      | Reached skill level 4 in Unarmed Combat
  1534 | D:3      | Reached skill level 2 in Dodging
  1618 | D:3      | Reached XP level 5. HP: 26/40 MP: 5/11
  1713 | D:3      | Killed Robin
  1731 | D:3      | Paralysed by Grinder for 6 turns
  1739 | D:3      | Killed Grinder
  1739 | D:3      | Reached skill level 2 in Fighting
  1739 | D:3      | Reached skill level 5 in Unarmed Combat
  1739 | D:3      | Reached skill level 3 in Transmutations
  1739 | D:3      | Reached XP level 6. HP: 48/48 MP: 5/12
  1793 | D:3      | Noticed Natasha
  1803 | D:3      | Killed Natasha
  1836 | D:3      | Found a basalt altar of Yredelemnul.
  1896 | D:3      | Killed from afar by an orc priest

Vault maps used:
D:1:      scummos_arrival_star, minivault_4, minmay_distorted
D:2:      grunt_temple_overflow_order_and_chaos_2, nicolae_ru_path_of_blood,
          uniq_sigmund
D:3:      lemuel_coloured_pillars_altar, tso_oasis_becter,
          minmay_misc_feat_square, saegor_snake_ambush, uniq_robin,
          uniq_natasha, uniq_grinder

Skill      XL: |  1  2  3  4  5 |
---------------+----------------+-----
Transmutations | 2 3 |  3.3
Unarmed Combat | 3 4 5 |  5.1
Spellcasting   | 2 |  2.3
Fighting       | 1 2 |  2.0
Dodging        | 2 |  2.6

Action                   |  1- 3 |  4- 6 || total
-------------------------+-------+-------++-------
Melee: Unarmed           |   103 |    77 ||   180
       Headbutt          |    14 |     1 ||    15
       Punch             |     1 |       ||     1
       Dagger            |     5 |    36 ||    41
 Cast: Beastly Appendage |    17 |     1 ||    18
       Sticks to Snakes  |     5 |     4 ||     9
       Spider Form       |     8 |    14 ||    22
 Abil: Evoke Berserk Rag |       |     2 ||     2
  Use: Potion            |     3 |     1 ||     4
       Scroll            |       |     3 ||     3
 Stab: Sleeping          |     2 |       ||     2
  Eat: Chunk             |     3 |     7 ||    10
Armor: Robe              |    26 |    24 ||    50
       Skin              |     3 |     2 ||     5
Dodge: Dodged            |    60 |    95 ||   155

Table legend:
 A = Spawn XP
 B = Non-spawn XP
 C = Spawn XP percentage of total XP
 D = Spawn monster count
 E = Non-spawn monster count
 F = Spawn count percentage of total count
 G = Total turns spent on level
                    A         B        C        D         E        F      G
               +---------+---------+-------+---------+---------+-------+---------
         Total |       0 |     600 |   0.0 |       0 |      80 |   0.0 |  1896
               +---------+---------+-------+---------+---------+-------+---------
           D:1 |       0 |      27 |   0.0 |       0 |      18 |   0.0 |   560
           D:2 |       0 |     121 |   0.0 |       0 |      27 |   0.0 |   929
           D:3 |       0 |     452 |   0.0 |       0 |      35 |   0.0 |   407
               +---------+---------+-------+---------+---------+-------+---------

Table legend:
 A = Turns spent in this place as a percentage of turns spent in the entire game.
 B = Non-inter-level travel turns spent in this place as a percentage of non-inter-level travel turns spent in the entire game.
 C = Inter-level travel turns spent in this place as a percentage of turns spent in this place.
 D = Turns resting spent in this place as a percentage of non-inter-level travel turns spent in this place.
 E = Turns spent auto-exploring this place as a percentage of non-inter-level travel turns spent in this place.
 F = Non-inter-level travel turns spent in this place divided by the number of levels of this place that you've seen.
                   A       B       C       D       E      F
               +-------+-------+-------+-------+-------+----------------------
         Total | 100.0 | 100.0 |   8.9 |   0.0 |   0.0 | 575.7
       Dungeon | 100.0 | 100.0 |   8.9 |   0.0 |   0.0 | 575.7
               +-------+-------+-------+-------+-------+----------------------

Table legend:
 A = Kills in this place as a percentage of kills in entire the game.
 B = Kills by you in this place as a percentage of kills by you in the entire game.
 C = Kills by friends in this place as a percentage of kills by friends in the entire game.
 D = Other kills in this place as a percentage of other kills in the entire game.
 E = Experience gained in this place as a percentage of experience gained in the entire game.
 F = Experience gained in this place divided by the number of levels of this place that you have seen.
                   A       B       C       D       E      F
               +-------+-------+-------+-------+-------+----------------------
         Total | 100.0 | 100.0 | 100.0 |   N/A | 100.0 | 200.0
       Dungeon | 100.0 | 100.0 | 100.0 |   N/A | 100.0 | 200.0
               +-------+-------+-------+-------+-------+----------------------

Vault maps used:
D:1:      scummos_arrival_star, minivault_4, minmay_distorted
D:2:      grunt_temple_overflow_order_and_chaos_2, nicolae_ru_path_of_blood,
          uniq_sigmund
D:3:      lemuel_coloured_pillars_altar, tso_oasis_becter,
          minmay_misc_feat_square, saegor_snake_ambush, uniq_robin,
          uniq_natasha, uniq_grinder
